 Dungeon Crawl Stone Soup version 0.21.1-72-gffa868e (webtiles) character file.

11 Madoushi the Digger (level 2, -1/15 HPs)
             Began as a Gargoyle Earth Elementalist on Aug 5, 2018.
             Slain by a gnoll
             ... wielding a +0 flail
              (4 damage)
             ... on level 1 of the Dungeon.
             The game lasted 00:04:32 (687 turns).

Madoushi the Digger (Gargoyle Earth Elementalist)    Turns: 687, Time: 00:04:33

Health: -1/15      AC:  5    Str: 11    XL:     2   Next: 29%
Magic:  5/5        EV: 11    Int: 15    God:
Gold:   38         SH:  0    Dex: 10    Spells: 4/5 levels left

rFire    . . .     SeeInvis .   k - +0 dagger
rCold    . . .     Gourm    .   (no shield)
rNeg     + . .     Faith    .   i - +0 leather armour
rPois    ∞         Spirit   .   (no helmet)
rElec    +         Reflect  .   (no cloak)
rCorr    .         Harm     .   (no gloves)
MR       .....                  (no boots)
Stlth    ++........             (no amulet)
HPRegen  0.05/turn              (no ring)
MPRegen  0.09/turn              (no ring)

@: no status effects
A: negative energy resistance 1, electricity resistance, unbreathing,
petrification resistance, rot immunity, AC +2
a: no special abilities


You were on level 1 of the Dungeon.
You were not hungry.

You visited 1 branch of the dungeon, and saw 1 of its levels.

You collected 38 gold pieces.

Inventory:

Hand Weapons
 k - a +0 dagger (weapon)
 m - a +0 spear of piercing
Missiles
 b - 89 stones (quivered)
 l - 2 curare-tipped needles
Armour
 a - a +0 chain mail
 c - a +0 robe
 i - a +0 leather armour (worn)
Scrolls
 f - a scroll of remove curse {unknown}
 o - a scroll of fog {unknown}
Potions
 g - 3 potions of mutation {unknown}
 h - a potion of lignification {unknown}
 j - a potion of brilliance {unknown}
 n - a potion of magic {unknown}
 p - a potion of curing {unknown}
Books
 e - a book of Geomancy

   Spells                             Type                      Level
   a - Sandblast                      Earth                        1
   b - Passwall                       Transmutation/Earth          2
   c - Stone Arrow                    Conjuration/Earth            3
   d - Petrify                        Transmutation/Earth          4
   e - Lee's Rapid Deconstruction     Earth                        5
Comestibles
 d - a ration


   Skills:
 + Level 1.8 Dodging
 + Level 2.2 Stealth
 + Level 2.0 Spellcasting
   Level 0.7 Transmutations
 + Level 4.1 Earth Magic


You had 4 spell levels left.
You knew the following spells:

 Your Spells              Type           Power        Failure   Level  Hunger
a - Sandblast             Erth           ##....       5%          1    #......


Dungeon Overview and Level Annotations

Branches:
Dungeon (1/15)

Altars:


Innate Abilities, Weirdness & Mutations

You are resistant to torment.
Your stone body is resilient. (AC +2)
You are immune to poison.
You resist negative energy. (rN+)
You are resistant to electric shocks. (rElec)
You can survive without breathing.
You are immune to petrification.
You are immune to rotting.


Message History

o - a scroll labeled LOUTTO AFAV
Found a stone staircase leading down.
Found a robe.
A rat comes into view.
Found 11 gold pieces.
You see here a pink potion.
You hit the rat.
You kill the rat!
You see here a rat corpse.
p - a pink potion You see here a rat corpse.
You now have 38 gold pieces (gained 11).
A gnoll comes into view. It is wielding a flail.
The gnoll closely misses you.
You hit the gnoll but do no damage. The gnoll barely misses you.
You hit the gnoll but do no damage. The gnoll hits you with a flail!
Ouch! That really hurt!
* * * LOW HITPOINT WARNING * * *
You barely miss the gnoll. The gnoll hits you with a flail.
You die...

#.##.# #)...# #.#
###.## #.# #.# #.#
## #.# #.# .. #.#
#.###### .# #.#
#.##..[# .# #.#
#####.##...##.# #
#.######
#..g@.........####.#
#......#
#.####..............
######.#
#...†.........# ###
#.# ###...#..######
..# #.# #...#..# #
#.# #.# ##.##..# #.#
#.# #.##..# #.# #.#
#.##..####### ###.#
#.# #.##.........


You could see a gnoll.

Vanquished Creatures
  A ball python (D:1)
  A goblin (D:1)
  2 hobgoblins (D:1)
  2 kobolds (D:1)
  2 bats (D:1)
  2 frilled lizards (D:1)
  A rat (D:1)
11 creatures vanquished.

Notes
Turn   | Place    | Note
-------+----------+-------------------------------------------
     0 | D:1      | Madoushi the Gargoyle Earth Elementalist began the quest for the Orb.
     0 | D:1      | Reached XP level 1. HP: 10/10 MP: 3/3
   255 | D:1      | Reached skill level 4 in Earth Magic
   306 | D:1      | Reached XP level 2. HP: 10/15 MP: 5/5
   687 | D:1      | Slain by a gnoll

Skill      XL: |  1 |
---------------+----+-----
Earth Magic    | 4 |  4.1
Dodging        | |  1.8
Stealth        | |  2.2
Spellcasting   | |  2.0
Transmutations | |  0.7

Action                   || total
-------------------------++-------
Melee: Unarmed           ||    15
       Dagger            ||    24
Throw: Stone             ||     3
 Cast: Sandblast         ||     4
Armor: Leather armour    ||    12
       Robe              ||     3
Dodge: Dodged            ||    33
